 Dungeon Crawl Stone Soup version 0.27-a0-148-g9515ab555c (webtiles) character file.

Game seed: 18441246875451977545

1685 sahdkjhfkaj the Fighter (level 8, -1/93 HPs)
             Began as a Troll Monk on Jan 26, 2021.
             Slain by a black bear (3 damage)
             ... on level 9 of the Dungeon.
             The game lasted 00:04:50 (4273 turns).

sahdkjhfkaj the Fighter (Troll Monk)                Turns: 4273, Time: 00:04:51

Health: -1/93      AC:  6    Str: 22    XL:     8   Next: 71%
Magic:  7/7        EV: 10    Int:  6    God:
Gold:   293        SH:  0    Dex: 12    Spells: 7/7 levels left

rFire    . . .     SeeInvis .     - Unarmed
rCold    . . .     Faith    .   (no shield)
rNeg     . . .     Spirit   .   a - +0 robe
rPois    .         Reflect  .   (helmet restricted)
rElec    .         Harm     .   (no cloak)
rCorr    .         Rampage  .   (gloves unavailable)
Will     .....                  (boots unavailable)
Stlth    ++........             (no amulet)
HPRegen  0.65/turn              (no ring)
MPRegen  0.10/turn              (no ring)

@: hasted, very quick
A: large, unfitting armour, claws 3, regeneration 1, shaggy fur 1, tough skin 3
a: no special abilities


You were on level 9 of the Dungeon.
You visited 1 branch of the dungeon, and saw 7 of its levels.

You collected 293 gold pieces.

Inventory:

Armour
 a - a +0 robe (worn)
Jewellery
 d - an uncursed ring of protection from fire {unknown}
 f - an uncursed amulet of the acrobat {unknown}
 m - a +4 ring of evasion
 n - a +6 ring of dexterity {unknown}
 t - an uncursed ring of protection from cold {unknown}
 x - a cursed ring of teleportation {unknown}
Wands
 w - a wand of iceblast (6)
Scrolls
 b - 4 scrolls of teleportation {!r}
 i - 6 scrolls of amnesia
 l - 2 scrolls of enchant armour
 o - 2 scrolls of fog {unknown}
 q - a scroll of noise
 r - a scroll of magic mapping {unknown}
 s - a scroll of blinking
Potions
 c - 2 potions of degeneration
 e - a potion of brilliance
 g - a potion of invisibility {unknown}
 h - 3 potions of curing {unknown}
 j - a potion of magic {unknown}
 k - a potion of berserk rage {unknown}
 p - a potion of lignification {unknown}
 u - 2 potions of haste
 v - a potion of flight {unknown}
 z - a potion of might {unknown}
 A - a potion of mutation {unknown}


   Skills:
 + Level 9.7 Fighting
 - Level 2.4 Dodging
 - Level 1.0 Stealth
 - Level 3.0 Unarmed Combat


You had 7 spell levels left.
You didn't know any spells.
Your spell library contained the following spells:

 Spells                   Type           Power        Failure   Level
 Animate Skeleton         Necr           0%           45%         1
 Apportation              Tloc           0%           45%         1
 Corona                   Hex            0%           45%         1
 Magic Dart               Conj           0%           45%         1
 Summon Small Mammal      Summ           0%           45%         1
 Blink                    Tloc           N/A          58%         2
 Call Imp                 Summ           0%           58%         2
 Searing Ray              Conj           0%           58%         2
 Slow                     Hex            0%           58%         2
 Conjure Flame            Conj/Fire      0%           83%         3
 Dazzling Flash           Conj/Hex       0%           83%         3
 Mephitic Cloud           Conj/Pois/Air  0%           83%         3
 Fulminant Prism          Conj/Hex       0%           99%         4
 Iskenderun's Mystic Bla  Conj/Tloc      0%           99%         4


Dungeon Overview and Level Annotations

Branches:
Dungeon (6/15)
 Temple: D:4-7

Altars:
Dithmenos
Vehumet

Shops:
D:4 [

Annotations:
D:6 2 transporters


Innate Abilities, Weirdness & Mutations

You are too large for most types of armour.
You have claws for hands.
Your natural rate of healing is unusually fast.
You are covered in fur. (AC +1)
You have extremely tough skin. (AC +3)


Message History

The bullfrog hits you.
* * * LOW HITPOINT WARNING * * *
Unknown command.
A black bear comes into view.
The bullfrog hits you.
* * * LOW HITPOINT WARNING * * *
You feel yourself speed up.
The black bear growls angrily.
The bullfrog hits you.
* * * LOW HITPOINT WARNING * * *
An orc comes into view. It is wielding a +0 club.
The orc moves out of view.
The orc shouts!
You hear a shout!
Found a stone staircase leading up.
The bullfrog hits you.
* * * LOW HITPOINT WARNING * * *
Unknown command.
The black bear bites you but does no damage.
The black bear claws you.
You die...

#.. #.. ######.. #......#
#.. ...# #.###..# #......#
###########.....@########'
................hF......<.
................Y...o.....
..........................
#############..Y..........
#.............
#############.............
..........................
..........................


You could see 2 yaks, a black bear, a bullfrog and an orc.

Vanquished Creatures
  Grinder (D:4)
  Sigmund (D:2)
  2 yaks (D:9)
  Edmund (D:4)
  An ice beast (D:3)
  2 ogres
  A centaur (D:5)
  2 orc priests
  A hound (D:4)
  5 orc wizards
  Jessica (D:2)
  2 worker ants
  A statue (D:5)
  A worker ant zombie (D:9)
  7 adders
  4 gnolls (D:4)
  A shadow imp (D:9)
  2 oozes
  An adder skeleton (D:4)
  7 worms
  A dart slug (D:3)
  2 leopard geckos
  15 orcs
  A ball python (D:2)
  10 bats
  3 giant cockroaches
  3 hobgoblins
  18 jackals
  12 kobolds
  5 quokkas
  10 goblins
  A jackal zombie (D:5)
  12 rats
137 creatures vanquished.

Vanquished Creatures (others)
  9 fungi (D:9)
  15 plants (D:9)
24 creatures vanquished.

Grand Total: 161 creatures vanquished

Notes
Turn   | Place    | Note
-------+----------+-------------------------------------------
     0 | D:1      | sahdkjhfkaj the Troll Monk began the quest for the Orb.
     0 | D:1      | Reached XP level 1. HP: 22/22 MP: 0/0
   213 | D:1      | Reached skill level 3 in Fighting
   213 | D:1      | Reached XP level 2. HP: 31/31 MP: 1/1
   773 | D:2      | Noticed Jessica
   792 | D:1      | Reached XP level 3. HP: 21/37 MP: 2/2
   834 | D:2      | Killed Jessica
   868 | D:2      | Reached skill level 4 in Fighting
   877 | D:2      | Reached XP level 4. HP: 43/48 MP: 3/3
   967 | D:2      | Noticed Sigmund
   977 | D:2      | Killed Sigmund
   978 | D:2      | Reached skill level 5 in Fighting
   978 | D:2      | Reached XP level 5. HP: 55/57 MP: 4/4
  1312 | D:3      | Reached XP level 6. HP: 63/67 MP: 5/5
  1646 | D:3      | Noticed an ice beast
  1663 | D:3      | Killed an ice beast
  1664 | D:3      | Reached skill level 6 in Fighting
  2003 | D:4      | Noticed Grinder
  2005 | D:4      | Paralysed by Grinder for 5 turns
  2042 | D:4      | Noticed Edmund
  2057 | D:4      | Killed Edmund
  2058 | D:4      | Reached XP level 7. HP: 43/76 MP: 6/6
  2063 | D:4      | Paralysed by Grinder for 4 turns
  2080 | D:4      | Killed Grinder
  2081 | D:4      | Reached skill level 7 in Fighting
  2260 | D:4      | Found a sand-covered staircase.
  2290 | D:4      | Found Fanoom's Armour Shop.
  2541 | D:4      | Found a shadowy altar of Dithmenos.
  2948 | D:5      | Entered Level 5 of the Dungeon
  2960 | D:5      | Reached skill level 8 in Fighting
  3026 | D:5      | Reached XP level 8. HP: 83/88 MP: 7/7
  3351 | D:5      | Found a radiant altar of Vehumet.
  3976 | D:6      | Found a transporter.
  3976 | D:6      | Found a transporter.
  3980 | D:6      | Noticed a queen bee
  3981 | D:6      | You fall into a shaft and drop 3 floors!
  4063 | D:9      | Reached skill level 9 in Fighting
  4265 | D:9      | HP: 4/93 [bullfrog (5)]
  4272 | D:9      | HP: 2/93 [bullfrog (5)]
  4273 | D:9      | Slain by a black bear

Illustrated notes

Levels and vault maps discovered:
D:1:      dpeg_arrival_another_circle, layout_loops_ring
D:2:      layout_rooms, minmay_vboxes, uniq_sigmund, uniq_jessica
D:3:      layout_basic, roderic_nine_men_s_morris
D:4:      layout_cave_pods, enter_ossuary_5, serial_shops, shop,
          grunt_dithmenos_smoke_and_mirrors, uniq_grinder, uniq_edmund
D:5:      layout_basic, vehumet_statue, serial_rivers,
          chequers_serial_rivers_micro_a, chequers_serial_rivers_small_b,
          chequers_serial_rivers_room_b, chequers_serial_rivers_large_a,
          chequers_serial_rivers_micro_e, chequers_serial_rivers_marsh,
          chequers_serial_rivers_room_a
D:6:      layout_rooms, minmay_temple_entry_waves, gammafunk_ghost_hive
D:9:      layout_stronghold, grunt_lair_entry_orc_guard_hut, erik_orc_1

Skill      XL: |  1  2  3  4  5  6  7  8 |
---------------+-------------------------+-----
Fighting       | 3 4 5 6 8 9 |  9.7
Dodging        | |  2.4
Stealth        | |  1.0
Unarmed Combat | |  3.0

Action                   |  1- 3 |  4- 6 |  7- 9 || total
-------------------------+-------+-------+-------++-------
Melee: Unarmed           |    89 |   170 |   216 ||   475
       Punch             |       |     1 |     2 ||     3
  Use: Scroll            |     3 |     2 |     2 ||     7
       Potion            |       |       |     1 ||     1
 Stab: Sleeping          |       |     2 |       ||     2
Armor: Robe              |    56 |    62 |    60 ||   178
Dodge: Dodged            |    68 |   102 |    99 ||   269

Table legend: (Time is in decaauts)
 A = Elapsed time spent in this place.
 B = Non-inter-level travel time spent in this place.
 C = Inter-level travel time spent in this place.
 D = Time resting spent in this place.
 E = Time spent auto-exploring this place.
 F = Levels seen in this place.
 G = Mean time per level.
                   A        B        C        D        E       F      G
               +--------+--------+--------+--------+--------+-----+--------+
         Total |   4258 |   4110 |    148 |     20 |   3153 |   7 |  608.3 |
       Dungeon |   4258 |   4110 |    148 |     20 |   3153 |   7 |  608.3 |
               +--------+--------+--------+--------+--------+-----+--------+

Top non-repeatable levels by time:
     D:4: 963 daAuts
     D:5: 962 daAuts
     D:1: 801 daAuts
     D:3: 723 daAuts
     D:2: 443 daAuts
     D:9: 286 daAuts
     D:6: 78 daAuts
